 Dungeon Crawl Stone Soup version 0.20.0-15-g7f486f2 (webtiles) character file.

13 Merlin the Charlatan (level 2, -3/14 HPs)
             Began as a Spriggan Artificer on June 17, 2017.
             Killed from afar by a dart slug (5 damage)
             ... with a slug dart
             ... on level 3 of the Dungeon.
             The game lasted 00:07:36 (532 turns).

Merlin the Charlatan (Spriggan Artificer)            Turns: 532, Time: 00:07:37

Health: -3/14      AC:  2    Str:  8    XL:     2   Next: 24%
Magic:  6/6        EV: 18    Int: 12    God:
Gold:   25         SH:  0    Dex: 16    Spells: 1/1 levels left

rFire    . . .     SeeInvis +   a - +0 short sword
rCold    . . .     Gourm    .   (shield restricted)
rNeg     . . .     Faith    .   b - +0 robe
rPois    .         Spirit   .   (helmet restricted)
rElec    .         Reflect  .   (no cloak)
rCorr    .         Harm     .   (gloves unavailable)
MR       .....                  (boots unavailable)
Stlth    ++........             (no amulet)
Regen    0.1/turn               (no ring)
MPRegen  0.1/turn               (no ring)

@: very quick
A: unfitting armour, see invisible, herbivore 3, speed 3, slow metabolism 2
a: no special abilities


You were on level 3 of the Dungeon.
You were not hungry.

You visited 1 branch of the dungeon, and saw 3 of its levels.

You collected 25 gold pieces.

Inventory:

Hand Weapons
 a - a +0 short sword (weapon)
 h - a +0 hand axe
 i - a cursed +0 dagger
 k - a +0 mace of pain
 o - a +0 club
 q - a +0 club
Armour
 b - a +0 robe (worn)
 m - a +0 plate armour
Wands
 c - a wand of flame (14/48)
 d - a wand of enslavement (14/24)
 e - a wand of random effects (15/48)
Scrolls
 j - 3 scrolls of identify {unknown}
 l - a scroll of random uselessness {unknown}
 n - a scroll of amnesia {unknown}
 s - a scroll of teleportation {unknown}
Potions
 p - a potion of curing {unknown}
Comestibles
 f - a bread ration
 g - 4 chunks of flesh
 r - a fruit


   Skills:
 + Level 1.0 Fighting
 + Level 1.3 Short Blades
 + Level 3.3 Dodging
 + Level 1.5 Stealth
 + Level 4.5 Evocations


You had one spell level left.
You didn't know any spells.

Dungeon Overview and Level Annotations

Branches:
Dungeon (3/15)

Altars:


Innate Abilities, Weirdness & Mutations

You are very small and have problems with some larger weapons.
You are too small for most types of armour.
You have supernaturally acute eyesight. (SInv)
You are a herbivore.
You cover ground extremely quickly.
You need consume almost no food.


Message History

s - a scroll labeled ANOASU BYPAI Wield which item (- for none, * to show all)? (? for menu, Esc to quit)
Okay, then.
That item cannot be evoked!
Evoke which item? (* to show all) (? for menu, Esc to quit)
Aiming: Throw Flame
Press: ? - help, Shift-Dir - straight line, f - dart slug
Aim: a dart slug (water, clinging) This wand has 14 charges left.
The dart slug launches a dart at you. The slug dart misses you.
You feel a bit more experienced. The dart slug launches a dart at you.
The slug dart hits you!
* * * LOW HITPOINT WARNING * * *
There is a stone staircase leading up here.
The dart slug launches a dart at you. The slug dart misses you.
The dart slug launches a dart at you. The slug dart hits you!
You die...

.##≈≈w≈≈##..
#w≈#≈≈≈≈≈w..#
###≈≈≈≈≈w≈≈≈w..
.#≈≈≈≈≈≈≈≈≈≈≈≈≈.
.≈≈≈≈≈≈≈≈≈≈≈≈≈.
# #≈≈≈#≈≈≈#≈≈≈≈≈
≈≈#≈≈≈#≈≈≈≈≈≈≈≈≈
≈≈≈.[≈≈...≈≈.≈≈≈
.≈≈.8...@.8...≈≈
≈≈≈(≈≈≈...≈..)≈#
≈≈w≈.≈≈≈§≈#≈≈≈#≈
#≈≈≈≈≈≈#≈§§#≈≈≈≈
#.≈≈≈≈≈#≈≈≈§#≈≈w
.#≈≈≈≈≈≈≈≈≈≈w≈≈.
...≈≈≈≈≈≈≈≈≈#≈..
#..#w≈≈≈≈≈≈≈.#.
#...#.≈ w≈≈...


You could see 7 dart slugs.

Vanquished Creatures
  A dart slug (D:3)
  A giant cockroach (D:2)
  2 goblins (D:2)
  A hobgoblin (D:2)
  A bat (D:1)
  A frilled lizard (D:2)
  5 rats
12 creatures vanquished.

Vanquished Creatures (collateral kills)
  A goblin (D:2)
1 creature vanquished.

Grand Total: 13 creatures vanquished

Notes
Turn   | Place    | Note
-------+----------+-------------------------------------------
     0 | D:1      | Merlin the Spriggan Artificer began the quest for the Orb.
     0 | D:1      | Reached XP level 1. HP: 9/9 MP: 4/4
   369 | D:2      | Reached XP level 2. HP: 11/14 MP: 6/6
   490 | D:2      | Reached skill level 1 in Fighting
   532 | D:3      | Killed from afar by a dart slug

Skill      XL: |  1  2 |
---------------+-------+-----
Fighting       | 1 |  1.0
Short Blades   | |  1.3
Dodging        | |  3.3
Stealth        | |  1.5
Evocations     | |  4.5

Action                   || total
-------------------------++-------
Melee: Short sword       ||    35
Evoke: Wand              ||     2
 Stab: Sleeping          ||     2
Armor: Robe              ||     4
Dodge: Dodged            ||    23
